 Dungeon Crawl Stone Soup version 0.32-a0-391-gce5c0aab1b (webtiles) character file.

Game seed: 9976771363081612018

80285 jasper the Fighter (level 15, -13/145 HPs)
             Began as a Gnoll Wanderer on Feb 18, 2024.
             Was the Champion of Cheibriados.
             Mangled by a white ugly thing (15 damage)
             ... on level 14 of the Dungeon on Feb 19, 2024.
             The game lasted 00:48:18 (22177 turns).

jasper the Fighter (Gnoll Wanderer)                Turns: 22177, Time: 00:48:19

Health: -13/145    AC:  8    Str: 33    XL:     15   Next: 66%
Magic:  25/30      EV: 19    Int: 32    God:    Cheibriados [******]
Gold:   211        SH:  5    Dex: 27    Spells: 18/36 levels left

rFire   . .          .
                       - Unarmed
rCold   . . .        j - melded +1 buckler {rC+}
rNeg    . . .        U - melded +0 steam dragon scales
rPois   +            R - melded +1 hat of Integrity {Regen+ Int+3}
rElec   .            r - melded +1 cloak {rCorr}
rCorr   .            X - melded +2 pair of gloves
SInv    .            J - melded +2 pair of boots
Will    +....        o - amulet of reflection
Stlth   +++++        Z - ring of poison resistance
HPRegen 0.44/turn    W - +4 ring of slaying
MPRegen 0.22/turn

%: reflection
@: snake-form, slowed, very slow
A: constrict, boosted hp, large, (fangs 1), strong nose, distributed training
a: Begin Untransformation, Renounce Religion, Bend Time, Temporal Distortion,
Slouch, Step From Time


You were on level 14 of the Dungeon.
You worshipped Cheibriados.
Cheibriados was exalted by your worship.
You were an enormous serpent.
You visited 6 branches of the dungeon, and saw 24 of its levels.
You also visited: Bailey and Ice Cave.

You collected 1942 gold pieces.
You spent 1731 gold pieces at shops.

Inventory:

Hand Weapons
 T - a +0 antimagic short sword
Missiles
 E - 3 silver javelins
 F - 19 poisoned darts
 L - 21 boomerangs (quivered)
Armour
 j - a +1 buckler of cold resistance (melded)
 r - a +1 cloak of preservation (melded)
 J - a +2 pair of boots (melded)
 R - the +1 hat of Integrity (melded) {Regen+ Int+3}
   (You found it on level 6 of the Dungeon)

   Int+3:     It affects your intelligence (+3).
   Regen+:    It increases your rate of health regeneration.
 U - +0 steam dragon scales (melded)
 X - a +2 pair of gloves (melded)
Magical Staves
 x - a staff of conjuration
Jewellery
 h - a +6 ring of intelligence
 o - an amulet of reflection (around neck)
 W - a +4 ring of slaying (right hand)
 Y - a ring of protection from fire
 Z - a ring of poison resistance (left hand)
Talismans
 A - a serpent talisman (active)
 K - a storm talisman
Wands
 a - a wand of digging (1)
 k - a wand of quicksilver (6)
 m - a wand of polymorph (8)
 y - a wand of iceblast (15)
 H - a wand of flame (28)
 S - a wand of charming (8)
Scrolls
 c - 11 scrolls of teleportation
 g - 3 scrolls of fog
 n - 6 scrolls of revelation
 p - a scroll of brand weapon
 s - a scroll of vulnerability
 t - 4 scrolls of enchant weapon
 v - 4 scrolls of noise
 B - 6 scrolls of blinking
 D - a scroll of immolation
 G - 2 scrolls of poison
 I - 3 scrolls of amnesia
 M - 3 scrolls of torment
 N - a scroll of summoning
 O - 2 scrolls of fear
 P - 8 scrolls of identify
Potions
 b - a potion of lignification
 d - 9 potions of curing
 e - 2 potions of resistance
 f - a potion of ambrosia
 i - 3 potions of magic
 l - 2 potions of might
 q - a potion of invisibility
 u - 3 potions of attraction
 w - 5 potions of enlightenment
 z - 5 potions of mutation
 C - 6 potions of heal wounds
 Q - 4 potions of brilliance
 V - a potion of berserk rage


   Skills:
 + Level 13.4 Fighting
 + Level 10.6 Short Blades
 + Level 10.6 Long Blades
 + Level 10.6 Axes
 + Level 10.6 Maces & Flails
 + Level 10.6 Polearms
 + Level 10.6 Staves
 + Level 10.6 Ranged Weapons
 + Level 10.6 Throwing
 + Level 11.0 Armour
 + Level 10.6 Dodging
 + Level 10.6 Stealth
 + Level 10.6 Shields
 + Level 12.4 Unarmed Combat
 + Level 11.0 Spellcasting
 + Level 8.9 Conjurations
 + Level 8.9 Hexes
 + Level 8.9 Summonings
 + Level 8.9 Necromancy
 + Level 8.9 Translocations
 + Level 8.9 Fire Magic
 + Level 8.9 Ice Magic
 + Level 8.9 Air Magic
 + Level 8.9 Earth Magic
 + Level 8.9 Alchemy
 + Level 11.5 Invocations
 + Level 11.0 Evocations
 + Level 9.7 Shapeshifting


You had 18 spell levels left.
You knew the following spells:

 Your Spells              Type           Power      Damage    Failure   Level
a - Tukima's Dance        Hex            66%        N/A       1%          3
b - Blink                 Tloc           100%       N/A       1%          2
c - Yara's Violent Unrav  Hex/Alch       33%        3d14      1%          5
d - Passwall              Erth           66%        N/A       1%          3
e - Freezing Cloud        Conj/Ice/Air   33%        6-21      1%          5

Your spell library contained the following spells:

 Spells                   Type           Power      Damage    Failure   Level
 Freeze                   Ice            100%       1d10      1%          1
 Magic Dart               Conj           100%       1d8       1%          1
 Call Imp                 Summ           100%       N/A       1%          2
 Cigotuvi's Dreadful Rot  Necr/Alch/Air  100%       N/A       1%          2
 Ensorcelled Hibernation  Hex/Ice        100%       N/A       1%          2
 Lesser Beckoning         Tloc           100%       N/A       1%          2
 Momentum Strike          Conj/Tloc      100%       3d10      1%          2
 Frozen Ramparts          Ice            100%       1d16      1%          3
 Fugue of the Fallen      Necr           66%        N/A       1%          3
 Gell's Gravitas          Tloc           66%        N/A       1%          3
 Hailstorm                Conj/Ice       66%        3d12      1%          3
 Ozocubu's Armour         Ice            66%        N/A       1%          3
 Stone Arrow              Conj/Erth      100%       3d13      1%          3
 Swiftness                Air            66%        N/A       1%          3
 Teleport Other           Tloc           66%        N/A       1%          3
 Ignite Poison            Fire/Alch      66%        N/A       1%          4
 Leda's Liquefaction      Alch/Erth      33%        N/A       1%          4
 Manifold Assault         Tloc           66%        N/A       1%          4
 Passage of Golubria      Tloc           66%        N/A       1%          4
 Petrify                  Alch/Erth      66%        N/A       1%          4
 Lee's Rapid Deconstruct  Erth           33%        3d17*     1%          5
 Metabolic Englaciation   Hex/Ice        33%        N/A       1%          5
 Bombard                  Conj/Erth      33%        9d6       11%         6
 Dispersal                Tloc           33%        N/A       11%         6
 Malign Gateway           Summ/Tloc      33%        N/A       52%         7
 Ozocubu's Refrigeration  Ice            33%        4d14      52%         7
 Disjunction              Tloc           33%        N/A       99%         8
 Summon Horrible Things   Summ           33%        N/A       99%         8
 Shatter                  Erth           33%        3d27*     100%        9


Dungeon Overview and Level Annotations

Branches:
Dungeon (14/15)            Temple (1/1) D:5            Lair (5/5) D:10
 Shoals (0/4) Lair:3        Snake (1/4) Lair:2        Slime (1/5) Lair:4
    Orc (2/2) D:10            Elf (0/3) Orc:2        Bailey (visited)
  IceCv (visited)
 Vaults: D:13-14

Altars:
Ashenzari
Cheibriados
Elyvilon
Fedhas
Gozag
Hepliaklqana
Kikubaaqudgha
Makhleb
Nemelex Xobeh
Okawaru
Qazlal
Ru
Sif Muna
Trog
Uskayaw
Vehumet
Wu Jian
Xom
Yredelemnul
Zin
The Shining One
Beogh

Shops:
D:2 !   D:9 [   Orc:1 :   Orc:2 [([[?

Annotations:
D:3 3 runed translucent doors, Skryme's ghost, amateur MDFE
Lair:2 exclusion: 3 oklob plants
Lair:3 exclusion: oklob plant
Lair:5 exclusion: 3 doors


Innate Abilities, Weirdness & Mutations

You are an enormous serpent.
You have a powerful constriction melee attack.
Your maximum health is increased.
Your armour is entirely melded.
You are incapable of wielding weapons or throwing items.
((You have very sharp teeth.))
Your uncanny sense of smell can sniff out nearby items.
Your experience applies equally to all skills.


Message History

You lash the white ugly thing!
The white ugly thing is lightly wounded.
You constrict the white ugly thing.
The white ugly thing basks in the mutagenic energy from its kin and changes!
The white ugly thing kicks you! The white ugly thing freezes you!!
You feel yourself slow down.
You take 30 damage, and have 115/145 hp.
MASSIVE DAMAGE!!
You crush the white ugly thing!!!
The white ugly thing is severely wounded.
You constrict the white ugly thing. The white ugly thing bites you.
The white ugly thing freezes you! The white ugly thing barely misses you.
The white ugly thing bites you. The white ugly thing freezes you!!
You feel as though you will be slow longer.
You take 56 damage, and have 59/145 hp.
MASSIVE DAMAGE!!
You barely miss the white ugly thing.
The white ugly thing is almost dead.
You constrict the white ugly thing! The white ugly thing kicks you.
The white ugly thing freezes you!!
* * * LOW HITPOINT WARNING * * *
The cyan ugly thing bites you!
* * * LOW HITPOINT WARNING * * *
The cyan ugly thing shocks you!
* * * LOW HITPOINT WARNING * * *
The white ugly thing misses you.
The white ugly thing closely misses you.
You take 52 damage, and have 7/145 hp.
MASSIVE DAMAGE!!
Activating: Slouch (1% risk of failure)
Press: ? - help, Dir - look around, f - activate You can feel time thicken for a moment.
You kill the white ugly thing!
Cheibriados appreciates the change of pace.
You block the white ugly thing's attack.
The cyan ugly thing barely misses you.
The white ugly thing basks in the mutagenic energy from its kin and changes!
The white ugly thing headbutts you.
* * * LOW HITPOINT WARNING * * *
The white ugly thing freezes you!
You die...
Cheibriados appreciates the motionlessness of death.

.....#
#../.#
#....#
....# ..(#
.## #..#
.....#..#
#..uuS#
#...uuu#
.........#
.<.......#
......>...
...##.....#
... ......#
#? ........


You could see 5 ugly things.

Vanquished Creatures
  Jorgrun (D:12)
  Gastronok (Lair:1)
  Donald (Orc:2)
  An orc warlord (Orc:2)
  Azrael (D:12)
  Josephine (Lair:5)
  5 hydras
  3 boulder beetles
  2 two-headed ogres
  13 death yaks
  A tengu warrior (D:13)
  An orc high priest (Orc:1)
  A fire crab (Lair:3)
  3 skysharks
  3 skeletal warriors (D:11)
  A dancing weapon (D:9)
  2 bog bodies (IceCv)
  A deep elf pyromancer (Bailey)
  An orc knight (Orc:1)
  3 ugly things
  2 orc sorcerers
  3 cyclopes
  A manticore (D:11)
  7 elephants
  3 meliai (D:12)
  A black mamba (Lair:4)
  An ice statue (IceCv)
  8 kobold blastminers
  7 cane toads
  Jeremiah (D:6)
  An unseen horror (D:10)
  2 ice devils (IceCv)
  A tengu conjurer (D:13)
  3 komodo dragons (Lair:5)
  4 rime drakes
  3 anaconda simulacra (IceCv)
  5 trolls
  2 hornets
  5 polar bears
  12 blink frogs
  Grinder (D:3)
  A snapping turtle (Lair:3)
  2 slime creatures (Lair:4)
  A dire elephant simulacrum (IceCv)
  A shadow (D:9)
  A water elemental (Lair:3)
  68 yaks
  4 wyverns
  6 wraiths
  3 fire elementals (D:12)
  4 vampire mosquitoes (D:13)
  6 wargs
  2 basilisks
  2 steam dragons
  Grum (Lair:1)
  A harpy simulacrum (IceCv)
  4 death yak simulacra (IceCv)
  2 hydra simulacra (IceCv)
  3 acid dragons
  20 water moccasins
  3 hell hounds (D:12)
  An ice beast (D:7)
  8 ogres
  35 orc warriors
  4 black bears
  7 centaurs
  7 wolves
  A kobold brigand (D:7)
  10 bullfrogs
  A gnoll sergeant (D:9)
  4 scorpions
  5 two-headed ogre simulacra (IceCv)
  3 cane toad simulacra
  7 wights
  11 killer bees
  An elephant simulacrum (IceCv)
  An electric eel (D:8)
  6 howler monkeys
  A crimson imp (D:7)
  3 bombardier beetles
  3 hounds
  16 jellies
  2 gnoll boudas
  28 orc priests
  3 sleepcaps
  24 orc wizards
  5 iguanas
  7 hell rats (Lair:5)
  3 spriggan simulacra (IceCv)
  4 polar bear simulacra
  4 troll simulacra (IceCv)
  A wolf simulacrum (IceCv)
  9 gnolls
  6 naga simulacra (IceCv)
  8 adders
  6 white imps
  8 ufetubi
  A ribbon worm (D:4)
  3 dart slugs
  116 orcs
  10 endoplasms
  7 giant cockroaches
  10 goblins
  8 hobgoblins
  2 jackals (D:3)
  7 kobolds
  5 quokkas
  5 ball pythons
  5 bats
  3 frilled lizards
  5 rats (D:1)
  A butterfly (Lair:2)
695 creatures vanquished.

Vanquished Creatures (collateral kills)
  An orc warlord (Orc:2)
  Fannar (Lair:1)
  Erica (D:8)
  A skeletal warrior (D:11)
  An orc knight (Bailey)
  Joseph (D:7)
  Maggie (D:7)
  A hornet (D:9)
  5 orc warriors
  A wight (D:8)
  An orc priest (D:9)
  5 orcs
20 creatures vanquished.

Vanquished Creatures (others)
  10 dancing weapons
  Psyche (D:10)
  A bombardier beetle (D:3)
12 creatures vanquished.

Grand Total: 727 creatures vanquished

Notes
Turn   | Place    | Note
-------+----------+-------------------------------------------
     0 | D:1      | jasper the Gnoll Wanderer began the quest for the Orb.
     0 | D:1      | jasper set off with the following items: a +0 dagger, a
                  | potion of berserk rage, a scroll of teleportation, a potion
                  | of curing, a +0 robe, a potion of haste.
     0 | D:1      | Reached XP level 1. HP: 26/26 MP: 4/4
   127 | D:1      | Reached XP level 2. HP: 31/33 MP: 5/5
   179 | D:1      | Reached XP level 3. HP: 37/38 MP: 7/7
   218 | D:1      | Reached skill level 1 in Invocations
   317 | D:1      | Reached skill level 1 in Short Blades
   317 | D:1      | Reached skill level 1 in Long Blades
   317 | D:1      | Reached skill level 1 in Axes
   317 | D:1      | Reached skill level 1 in Maces & Flails
   317 | D:1      | Reached skill level 1 in Polearms
   317 | D:1      | Reached skill level 1 in Staves
   317 | D:1      | Reached skill level 1 in Ranged Weapons
   317 | D:1      | Reached skill level 1 in Throwing
   317 | D:1      | Reached skill level 1 in Dodging
   317 | D:1      | Reached skill level 1 in Stealth
   317 | D:1      | Reached skill level 1 in Shields
   564 | D:2      | Reached skill level 1 in Shapeshifting
   564 | D:2      | Reached XP level 4. HP: 42/45 MP: 8/8
   718 | D:2      | Found a faded altar of an unknown god.
   825 | D:2      | Found a basalt altar of Yredelemnul.
   825 | D:2      | You fall into a shaft and drop 2 floors!
   838 | D:4      | Reached skill level 1 in Conjurations
   838 | D:4      | Reached skill level 1 in Hexes
   838 | D:4      | Reached skill level 1 in Summonings
   838 | D:4      | Reached skill level 1 in Necromancy
   838 | D:4      | Reached skill level 1 in Translocations
   838 | D:4      | Reached skill level 1 in Fire Magic
   838 | D:4      | Reached skill level 1 in Ice Magic
   838 | D:4      | Reached skill level 1 in Air Magic
   838 | D:4      | Reached skill level 1 in Earth Magic
   838 | D:4      | Reached skill level 1 in Alchemy
   856 | D:4      | Reached XP level 5. HP: 51/51 MP: 9/9
  1031 | D:3      | Found a hide-covered altar of Uskayaw.
  1036 | D:3      | Found a glowing golden altar of the Shining One.
  1040 | D:3      | Found a hazy altar of Hepliaklqana.
  1079 | D:3      | Noticed Grinder
  1088 | D:3      | Paralysed by Grinder for 2 turns
  1091 | D:3      | Killed Grinder
  1092 | D:3      | Reached XP level 6. HP: 57/57 MP: 9/11
  1180 | D:2      | Found Geyff's Distillery.
  1198 | D:2      | Bought a potion of curing for 33 gold pieces
  1198 | D:2      | Bought a potion of heal wounds for 55 gold pieces
  1374 | D:2      | Reached XP level 7. HP: 43/63 MP: 12/12
  1454 | D:2      | Found the +1 Delatra's gloves {ID++}
  1757 | D:3      | Found a runed translucent gate.
  1757 | D:3      | Found a runed translucent gate.
  1757 | D:3      | Found a runed translucent gate.
  2105 | D:3      | Noticed Skryme's ghost (amateur MDFE)
  2430 | D:4      | Reached skill level 9 in Fighting
  3236 | D:5      | Entered Level 5 of the Dungeon
  3373 | D:5      | Found a staircase to the Ecumenical Temple.
  3391 | Temple   | Entered the Ecumenical Temple
  3411 | Temple   | Became a worshipper of Cheibriados the Contemplative
  3467 | D:5      | Reached XP level 8. HP: 58/71 MP: 14/14
  3805 | D:5      | Found a shimmering altar of Xom.
  3928 | D:5      | Reached * piety under Cheibriados
  4726 | D:6      | Found an opulent altar of Gozag.
  4737 | D:6      | Found a white marble altar of Elyvilon.
  5022 | D:6      | Noticed Jeremiah
  5055 | D:6      | Killed Jeremiah
  5056 | D:6      | Reached skill level 5 in Spellcasting
  5056 | D:6      | Reached XP level 9. HP: 64/77 MP: 16/16
  5106 | D:6      | Reached skill level 5 in Armour
  5106 | D:6      | Reached skill level 5 in Evocations
  5642 | D:6      | Reached ** piety under Cheibriados
  5780 | D:6      | Identified the +1 hat of Integrity {Regen+ Int+3}
  5791 | D:6      | Learned a level 3 spell: Tukima's Dance
  5836 | D:7      | Noticed Joseph
  5850 | D:6      | Reached skill level 5 in Invocations
  5940 | D:7      | Killed Joseph
  6140 | D:7      | Reached skill level 5 in Short Blades
  6140 | D:7      | Reached skill level 5 in Long Blades
  6140 | D:7      | Reached skill level 5 in Axes
  6140 | D:7      | Reached skill level 5 in Maces & Flails
  6140 | D:7      | Reached skill level 5 in Polearms
  6140 | D:7      | Reached skill level 5 in Staves
  6140 | D:7      | Reached skill level 5 in Ranged Weapons
  6140 | D:7      | Reached skill level 5 in Throwing
  6140 | D:7      | Reached skill level 5 in Dodging
  6140 | D:7      | Reached skill level 5 in Stealth
  6140 | D:7      | Reached skill level 5 in Shields
  6176 | D:7      | Reached XP level 10. HP: 63/85 MP: 18/18
  6303 | D:7      | Reached *** piety under Cheibriados
  6321 | D:7      | Reached skill level 10 in Fighting
  6333 | D:7      | Learned a level 2 spell: Blink
  6333 | D:7      | Noticed Maggie
  6343 | D:7      | Killed Maggie
  6982 | D:8      | Reached skill level 5 in Shapeshifting
  7104 | D:8      | Reached **** piety under Cheibriados
  7147 | D:8      | Learned a level 5 spell: Yara's Violent Unravelling
  7370 | D:8      | Noticed Erica
  7384 | D:8      | Killed Erica
  7783 | D:9      | Found a flagged portal.
  7807 | Bailey   | Entered a bailey
  7866 | Bailey   | Noticed an orc knight
  7875 | Bailey   | Killed an orc knight
  7876 | Bailey   | Reached skill level 5 in Conjurations
  7876 | Bailey   | Reached skill level 5 in Hexes
  7876 | Bailey   | Reached skill level 5 in Summonings
  7876 | Bailey   | Reached skill level 5 in Necromancy
  7876 | Bailey   | Reached skill level 5 in Translocations
  7876 | Bailey   | Reached skill level 5 in Fire Magic
  7876 | Bailey   | Reached skill level 5 in Ice Magic
  7876 | Bailey   | Reached skill level 5 in Air Magic
  7876 | Bailey   | Reached skill level 5 in Earth Magic
  7876 | Bailey   | Reached skill level 5 in Alchemy
  7876 | Bailey   | Reached XP level 11. HP: 78/92 MP: 7/21
  7968 | Bailey   | Found a large runed translucent door.
  7968 | Bailey   | Found a large runed translucent door.
  7969 | Bailey   | Noticed a deep elf pyromancer
  8190 | Bailey   | Killed a deep elf pyromancer
  8206 | Bailey   | Identified the +2 ring mail "Quclipej" {-Tele Rampage
                  | Regen+ Int+2}
  8329 | D:9      | Found Vadwoc's Antique Armour Emporium.
  8334 | D:9      | Bought a masterwork helmet for 332 gold pieces
  8334 | D:9      | Identified the -1 helmet "Lynauwom" {-Tele rElec Regen+
                  | Stlth+} (You bought it in a shop on level 9 of the Dungeon)
  8477 | D:9      | Found a radiant altar of Vehumet.
  8555 | D:9      | Noticed a two-headed ogre
  8567 | D:9      | Killed a two-headed ogre
  8567 | D:9      | Reached ***** piety under Cheibriados
  8955 | D:10     | Entered Level 10 of the Dungeon
  9392 | D:10     | Noticed Psyche
  9399 | D:10     | Killed Psyche
  9496 | D:10     | Paralysed by a hornet for 2 turns
  9586 | D:10     | Found a staircase to the Lair.
  9613 | D:10     | Found a sacrificial altar of Ru.
  9614 | D:10     | Found an ornate altar of the Wu Jian Council.
  9781 | D:10     | Found a shimmering blue altar of Sif Muna.
  9851 | D:10     | Reached skill level 11 in Fighting
 10080 | D:10     | Found a roughly hewn altar of Beogh.
 10160 | D:10     | Found a staircase to the Orcish Mines.
 10217 | D:10     | Found a burning altar of Makhleb.
 10289 | D:11     | Reached XP level 12. HP: 100/100 MP: 23/23
 10581 | D:11     | Reached skill level 10 in Unarmed Combat
 10675 | D:11     | Noticed a boulder beetle
 10702 | D:11     | Killed a boulder beetle
 11088 | Lair:1   | Entered Level 1 of the Lair of Beasts
 11088 | Lair:1   | Noticed Gastronok
 11117 | Lair:1   | Killed Gastronok
 11414 | Lair:1   | Noticed Grum
 11446 | Lair:1   | Killed Grum
 11505 | Lair:1   | Noticed Fannar
 11514 | Lair:1   | Killed Fannar
 12171 | Lair:2   | Found a staircase to the Snake Pit.
 12259 | Lair:2   | Reached XP level 13. HP: 83/107 MP: 25/25
 13251 | Lair:3   | Reached skill level 12 in Fighting
 13355 | Lair:3   | Found a staircase to the Shoals.
 13504 | Lair:3   | Learned a level 3 spell: Passwall
 14249 | Lair:4   | Found a staircase to the Slime Pits.
 14824 | Snake:1  | Entered Level 1 of the Snake Pit
 15598 | Slime:1  | Entered Level 1 of the Pits of Slime
 15604 | Slime:1  | Noticed a quicksilver ooze
 15655 | Lair:5   | Entered Level 5 of the Lair of Beasts
 15655 | Lair:5   | Found a frozen archway.
 15726 | IceCv    | Entered an ice cave
 16219 | IceCv    | Reached XP level 14. HP: 116/116 MP: 27/27
 16495 | IceCv    | Reached skill level 10 in Invocations
 16796 | IceCv    | Got Yteacy's Guidebook on Graupel
 17168 | IceCv    | Got the Incunable of Ironbound Snow
 17293 | Lair:5   | Noticed Josephine
 17308 | Lair:5   | Killed Josephine
 17347 | Lair:5   | Reached skill level 10 in Spellcasting
 17541 | Lair:5   | Reached skill level 10 in Armour
 17541 | Lair:5   | Reached skill level 10 in Evocations
 17766 | Lair:5   | Reached ****** piety under Cheibriados
 17944 | Lair:5   | Noticed a dire elephant
 17944 | Lair:5   | Noticed a dire elephant
 17945 | Lair:5   | Noticed a dire elephant
 17945 | Lair:5   | Noticed a dire elephant
 18618 | Orc:1    | Entered Level 1 of the Orcish Mines
 18632 | Orc:1    | Reached skill level 10 in Short Blades
 18632 | Orc:1    | Reached skill level 10 in Long Blades
 18632 | Orc:1    | Reached skill level 10 in Axes
 18632 | Orc:1    | Reached skill level 10 in Maces & Flails
 18632 | Orc:1    | Reached skill level 10 in Polearms
 18632 | Orc:1    | Reached skill level 10 in Staves
 18632 | Orc:1    | Reached skill level 10 in Ranged Weapons
 18632 | Orc:1    | Reached skill level 10 in Throwing
 18632 | Orc:1    | Reached skill level 10 in Dodging
 18632 | Orc:1    | Reached skill level 10 in Stealth
 18632 | Orc:1    | Reached skill level 10 in Shields
 18749 | Orc:1    | Reached skill level 13 in Fighting
 18830 | Orc:1    | Found Sunec's Book Boutique.
 18839 | Orc:1    | Bought a Trismegistus Codex for 364 gold pieces
 18839 | Orc:1    | Bought a Grand Grimoire for 442 gold pieces
 18845 | Orc:1    | Learned a level 5 spell: Freezing Cloud
 19051 | Orc:2    | Entered Level 2 of the Orcish Mines
 19051 | Orc:2    | Noticed Donald
 19059 | Orc:2    | Reached XP level 15. HP: 123/123 MP: 12/29
 19065 | Orc:2    | Killed Donald
 19658 | Orc:2    | Noticed an orc warlord
 19671 | Orc:2    | Killed an orc warlord
 19825 | Orc:2    | Found Letes's Armour Shop.
 19968 | Orc:2    | Found a roughly hewn altar of Beogh.
 19969 | Orc:2    | Found Suelit's Magic Scroll Shoppe.
 19996 | Orc:2    | Bought a scroll of blinking for 105 gold pieces
 19996 | Orc:2    | Bought 2 scrolls of teleportation for 84 gold pieces
 19996 | Orc:2    | Bought a scroll of teleportation for 42 gold pieces
 19996 | Orc:2    | Bought a scroll of teleportation for 42 gold pieces
 20100 | Orc:2    | Found a staircase to the Elven Halls.
 20123 | Orc:2    | Found a roughly hewn altar of Beogh.
 20171 | Orc:2    | Found a roughly hewn altar of Beogh.
 20242 | Orc:2    | Upgraded the game from 0.32-a0-361-g289a535e89 to
                  | 0.32-a0-391-gce5c0aab1b
 20265 | Orc:2    | Found a roughly hewn altar of Beogh.
 20278 | Orc:2    | Found Herifox's Antique Armour Boutique.
 20358 | Orc:2    | Found a roughly hewn altar of Beogh.
 20454 | Orc:2    | Noticed an orc warlord
 20465 | Orc:2    | Killed an orc warlord
 20502 | Orc:2    | Found Tuixzast's Antique Weapon Shop.
 20511 | Orc:2    | Found a roughly hewn altar of Beogh.
 20512 | Orc:2    | Found Jieklon's Antique Armour Boutique.
 20633 | Orc:2    | Bought a glowing cloak for 232 gold pieces
 20889 | D:12     | Noticed Jorgrun
 20906 | D:12     | Killed Jorgrun
 21114 | D:12     | Noticed Azrael
 21128 | D:12     | Killed Azrael
 22176 | D:14     | HP: 7/145 [cyan ugly thing (12)]
 22177 | D:14     | HP: 2/145 [white ugly thing (6)]
 22177 | D:14     | Mangled by a white ugly thing

Illustrated notes

Levels and vault maps discovered:
D:1:      mainiacjoe_arrival_oval_in_oval, layout_rooms, minmay_pentomino_o4
D:2:      layout_loops_ring, serial_shops, nicolae_shop_window_shopping,
          nicolae_ecumenical_lake_church, basic_altar, pf_guarded_unrand_delatra
D:3:      layout_loops_ring, minmay_overflow_temple_star_quad,
          gammafunk_ghost_icy, uniq_grinder
D:4:      layout_loops_cross, nicolae_zen_rock_garden, due_unseen_surprise
D:5:      layout_layer_cave, mainiacjoe_overflow_24_doors,
          minmay_temple_entry_stoned_glass
D:6:      layout_basic, mainiacjoe_overflow_catch_the_wave,
          gup_sewer_entry_pipe, uniq_jeremiah
D:7:      layout_cave_pools, dreamdust_princess_corridor,
          minmay_fire_ice_demons, uniq_maggie, uniq_joseph
D:8:      layout_loops_ring, kennysheep_diamond, serial_bayou_ford_a,
          minivault_23, uniq_erica
D:9:      minmay_skewed_foursquare, layout_cave_pools,
          mainiacjoe_overflow_cross_hatched, enter_bailey_6, serial_shops,
          nicolae_shop_hallway_plus
D:10:     layout_basic, mainiacjoe_overflow_concentric_impassable,
          nicolae_overflow_hidden_temple, due_lair_maze_entry_diamond,
          hiddenorc1_lemuel, nicolae_concentric_dashed_squares_wild,
          david_defended_altar_orc, uniq_psyche
D:11:     layout_loops_ring
D:12:     layout_irregular_city, eino_jars, uniq_azrael, uniq_jorgrun
D:13:     layout_cross
D:14:     layout_cave_pools, grunt_vaults_entry_tiered, gauntlet_entry_generic,
          infiniplex_staircase_trident, uniq_lodul, uniq_frances
Temple:   zaba_magenta_temple
Lair:1:   layout_roguey, uniq_gastronok, uniq_fannar, uniq_grum
Lair:2:   minmay_lair_oklob_chamber, layout_cave_pods, dummy_snake_entry,
          lemuel_fruit_tree, lemuel_fruit_fields
Lair:3:   layout_roguey, minmay_shoals_entry_hut
Lair:4:   layout_concentric_octagons, minmay_slime_entry_jelly_boxes,
          cheibrodos_lair_lostbears
Lair:5:   due_jungle_book, layout_gridlike, portal_ice_cave_entry_ice_simulacra,
          serial_forest, infiniplex_forest_lined_corner,
          infiniplex_forest_clump_tiny, infiniplex_forest_straight_2,
          infiniplex_forest_straight_4, infiniplex_forest_pool,
          infiniplex_forest_corner_2, infiniplex_forest_straight_4,
          uniq_josephine
Snake:1:  kennysheep_snake, layout_layer_cave, basic_altar,
          serial_bayou_shore_a, uniq_aizul
Slime:1:  layout_caves, basic_altar
Orc:1:    layout_caves, serial_shops, shop
Orc:2:    grunt_orc_community_town_hall, layout_caves,
          grunt_orc_community_big_house_1, grunt_orc_community_big_house_2,
          grunt_orc_community_house_3, grunt_orc_community_house_1,
          grunt_orc_community_house_2, grunt_orc_community_house_3,
          grunt_orc_community_house_2, serial_shops, shop, uniq_donald

Skill      XL: |  1  2  3  4  5  6  7  8  9 10 11 12 13 14 15 |
---------------+----------------------------------------------+-----
Invocations    | 1 2 3 4 5 6 7 8 9 10 11 | 11.5
Short Blades   | 1 2 3 4 5 6 7 8 9 10 | 10.6
Long Blades    | 1 2 3 4 5 6 7 8 9 10 | 10.6
Axes           | 1 2 3 4 5 6 7 8 9 10 | 10.6
Maces & Flails | 1 2 3 4 5 6 7 8 9 10 | 10.6
Polearms       | 1 2 3 4 5 6 7 8 9 10 | 10.6
Staves         | 1 2 3 4 5 6 7 8 9 10 | 10.6
Ranged Weapons | 1 2 3 4 5 6 7 8 9 10 | 10.6
Throwing       | 1 2 3 4 5 6 7 8 9 10 | 10.6
Dodging        | 1 2 3 4 5 6 7 8 9 10 | 10.6
Stealth        | 1 2 3 4 5 6 7 8 9 10 | 10.6
Shields        | 1 2 3 4 5 6 7 8 9 10 | 10.6
Shapeshifting  | 1 2 3 4 5 6 7 8 9 |  9.7
Spellcasting   | 3 4 5 6 7 8 9 10 11 | 11.0
Conjurations   | 1 2 3 4 5 6 7 8 |  8.9
Hexes          | 1 2 3 4 5 6 7 8 |  8.9
Summonings     | 1 2 3 4 5 6 7 8 |  8.9
Necromancy     | 1 2 3 4 5 6 7 8 |  8.9
Translocations | 1 2 3 4 5 6 7 8 |  8.9
Fire Magic     | 1 2 3 4 5 6 7 8 |  8.9
Ice Magic      | 1 2 3 4 5 6 7 8 |  8.9
Air Magic      | 1 2 3 4 5 6 7 8 |  8.9
Earth Magic    | 1 2 3 4 5 6 7 8 |  8.9
Alchemy        | 1 2 3 4 5 6 7 8 |  8.9
Armour         | 3 4 5 6 7 8 9 10 11 | 11.0
Evocations     | 3 4 5 6 7 8 9 10 11 | 11.0
Unarmed Combat | 7 8 9 10 11 12 | 12.4
Fighting       | 9 10 11 12 13 | 13.4

Action                     |  1- 3 |  4- 6 |  7- 9 | 10-12 | 13-15 || total
---------------------------+-------+-------+-------+-------+-------++-------
  Melee: Unarmed           |    70 |    44 |   372 |   653 |  1010 ||  2149
         Bite              |     5 |     6 |    44 |    99 |   162 ||   316
         Punch             |     1 |     3 |    14 |    54 |    28 ||   100
         Constrict         |       |       |       |       |     2 ||     2
   Fire: Orcbow            |     9 |    40 |    42 |       |       ||    91
  Throw: Stone             |       |       |    29 |    24 |    61 ||   114
         Throwing net      |       |       |     1 |       |       ||     1
         Boomerang         |       |       |       |       |   218 ||   218
   Cast: Tukima's Dance    |       |       |    14 |    46 |     2 ||    62
         Freezing Cloud    |       |       |       |       |    25 ||    25
         Yara's Violent Un |       |       |       |       |     2 ||     2
         Blink             |       |       |       |       |     1 ||     1
 Invoke: Slouch            |       |       |       |     6 |     6 ||    12
  Evoke: Wand              |       |       |     6 |     7 |     5 ||    18
    Use: Potion            |       |     2 |     3 |       |     1 ||     6
         Scroll            |       |       |    17 |     8 |     4 ||    29
   Stab: Sleeping          |       |       |     3 |    10 |    13 ||    26
         Held in net/web   |       |       |     1 |       |       ||     1
         Distracted        |       |       |       |     2 |     2 ||     4
 Armour: Leather armour    |    39 |     5 |       |       |       ||    44
         Ring mail         |       |    15 |   238 |    20 |       ||   273
         Steam dragon scal |       |       |       |   307 |   394 ||   701
         Skin              |       |       |       |       |     7 ||     7
  Dodge: Dodged            |    42 |    11 |   225 |   431 |   673 ||  1382
  Block: Other             |     5 |     3 |    77 |   121 |    39 ||   245
         Reflection        |       |       |     4 |     5 |    25 ||    34
         Buckler           |       |       |       |       |   506 ||   506
   Form: Serpent           |       |       |       |       |     1 ||     1

Table legend: (Time is in decaauts)
 A = Elapsed time spent in this place.
 B = Non-inter-level travel time spent in this place.
 C = Inter-level travel time spent in this place.
 D = Time resting spent in this place.
 E = Time spent auto-exploring this place.
 F = Levels seen in this place.
 G = Mean time per level.
                   A        B        C        D        E       F      G
               +--------+--------+--------+--------+--------+-----+--------+
         Total |  30845 |  28775 |   2070 |   2613 |  19957 |  26 | 1186.3 |
       Dungeon |  15874 |  14776 |   1098 |   1030 |  10319 |  14 | 1133.9 |
        Temple |     42 |     22 |     20 |      0 |      0 |   1 |   42.0 |
          Lair |   9246 |   8365 |    881 |    286 |   6517 |   5 | 1849.2 |
     Snake Pit |     44 |     44 |      0 |      0 |     22 |   1 |   44.0 |
    Slime Pits |      7 |      7 |      0 |      0 |      0 |   1 |    7.0 |
  Orcish Mines |   3125 |   3055 |     70 |    518 |   1973 |   2 | 1562.5 |
        Bailey |    638 |    638 |      0 |    169 |    181 |   1 |  638.0 |
      Ice Cave |   1867 |   1867 |      0 |    608 |    943 |   1 | 1867.0 |
               +--------+--------+--------+--------+--------+-----+--------+

Top non-repeatable levels by time:
   Orc:2: 2164 daAuts
    D:10: 2080 daAuts
  Lair:2: 2076 daAuts
  Lair:5: 2030 daAuts
   IceCv: 1867 daAuts
  Lair:3: 1758 daAuts
  Lair:4: 1746 daAuts
     D:5: 1635 daAuts
  Lair:1: 1634 daAuts
     D:6: 1452 daAuts
    D:12: 1449 daAuts
     D:7: 1400 daAuts
     D:8: 1370 daAuts
     D:9: 1259 daAuts
     D:4: 1227 daAuts
